 Dungeon Crawl Stone Soup version 0.31-a0-986-g5e6e4ef867 (webtiles) character file.

Game seed: 796398039772913049

2839 Skeral the Geomancer (level 10, -3/86 HPs)
             Began as a Meteoran Earth Elementalist on Nov 21, 2023.
             Was a Believer of Vehumet.
             Slain by a hornet (9 damage)
             ... while paralysed by a hornet
             ... on level 8 of the Dungeon.
             The game lasted 00:13:44 (2212 turns).

Skeral the Geomancer (Meteoran Earth Elementalist)  Turns: 2212, Time: 00:13:44

Health: -3/86      AC:  7    Str:  9    XL:     10   Next: 23%
Magic:  16/18      EV:  2    Int: 20    God:    Vehumet [**....]
Gold:   596        SH:  0    Dex: 17    Spells: 7/19 levels left

rFire   . . .        a - +1 short sword (venom)
rCold   . . .        (no shield)
rNeg    . . .        B - +0 robe
rPois   .            u - +0 helmet
rElec   .            l - +0 cloak
rCorr   .            q - +0 pair of gloves
SInv    .            c - +1 pair of boots
Will    +....        h - amulet of magic regeneration
Stlth   +            (no ring)
HPRegen 0.34/turn    (no ring)
MPRegen 0.56/turn

%: no passive effects
@: paralysed, slowed, glowing
A: sense surroundings 2, otherworldly, glowing, explore regen
a: Renounce Religion


You were on level 8 of the Dungeon.
You worshipped Vehumet.
Vehumet was pleased with you.
You visited 1 branch of the dungeon, and saw 8 of its levels.
You also visited: Bailey.

You collected 752 gold pieces.
You spent 156 gold pieces at shops.


Innate Abilities, Weirdness & Mutations

You passively map the area around you.
You are easily found by Zot.
You glow in the dark.
You regain HP and MP as you explore.


   Skills:
 + Level 7.2 Fighting
 - Level 4.0 Dodging
 - Level 1.4 Stealth
 - Level 5.0 Spellcasting
 + Level 7.9 Conjurations
 + Level 4.6 Transmutations
 + Level 8.7 Earth Magic


You had 7 spell levels left.
You knew the following spells:

 Your Spells              Type           Power      Damage    Failure   Level
a - Stone Arrow           Conj/Erth      76%        3d11      1%          3
p - Passwall              Tmut/Erth      25%        N/A       1%          2
r - Searing Ray           Conj           72%        2d7       1%          2
s - Sandblast             Erth           80%        2d17      1%          1
X - Brom's Barrelling Bo  Conj/Erth      38%        2d6       3%          4

Your spell library contained the following spells:

 Spells                   Type           Power      Damage    Failure   Level
 Momentum Strike          Conj/Tloc      40%        3d9       3%          2
 Petrify                  Tmut/Erth      31%        N/A       8%          4
 Blink                    Tloc           10%        N/A       17%         2
 Cigotuvi's Dreadful Rot  Necr/Pois/Air  10%        N/A       17%         2
 Lesser Beckoning         Tloc           10%        N/A       17%         2
 Scorch                   Fire           10%        2d5       17%         2
 Sublimation of Blood     Necr           5%         N/A       17%         2
 Ignite Poison            Fire/Tmut/Pois 11%        N/A       19%         3
 Flame Wave               Conj/Fire      20%        2d7       22%         4
 Irradiate                Conj/Tmut      15%        3d16      24%         5
 Freezing Cloud           Conj/Ice/Air   7%         6-21      73%         5
 Summon Cactus Giant      Summ           2%         N/A       100%        6

Inventory:

Hand Weapons
 a - a +1 short sword of venom (weapon)
   (You took it off an orc on level 7 of the Dungeon)
 b - a +2 vampiric dagger
   (You took it off an orc on level 7 of the Dungeon)
 d - a +2 dagger of draining
   (You found it in a bailey)
Missiles
 f - 17 poisoned darts
 j - 12 boomerangs
Armour
 c - a +1 pair of boots (worn)
   (You found it on level 1 of the Dungeon)
 l - a +0 cloak (worn)
   (You took it off Crazy Yiuf on level 3 of the Dungeon)
 q - a +0 pair of gloves (worn)
   (You found it on level 5 of the Dungeon)
 u - a +0 helmet (worn)
   (You found it on level 5 of the Dungeon)
 B - a +0 robe (worn)
Jewellery
 h - an amulet of magic regeneration (around neck)
   (You found it on level 3 of the Dungeon)
Wands
 y - a wand of digging (2)
   (You found it on level 7 of the Dungeon)
Scrolls
 e - 2 scrolls of brand weapon
 i - a scroll of silence {unknown}
 m - 4 scrolls of vulnerability {!r!r}
 n - 2 scrolls of enchant weapon {unknown}
 p - a scroll of summoning {unknown}
 r - 3 scrolls of teleportation {@r4}
 s - 3 scrolls of revelation {unknown}
 v - a scroll of poison {unknown}
 D - a scroll of amnesia {unknown}
Potions
 g - 3 potions of haste {@q3}
 k - a potion of attraction {unknown}
 o - 2 potions of curing {@q1}
 t - a potion of might
 w - a potion of berserk rage {unknown}
 x - 2 potions of degeneration {unknown}
 z - 5 potions of enlightenment
 C - a potion of magic

Dungeon Overview and Level Annotations

Branches:
Dungeon (8/15) Zot: 2900   Temple (0/1) D:6          Bailey (visited)
   Lair: D:8-11

Altars:
Ashenzari
Okawaru
Vehumet
The Shining One

Shops:
D:6

*(** ##...<.## *
, * * #.###..#
.# *** *
#..###.# .# ,* *
##..###.#####...
.. ,,, ,,
....<.........#
.# * *
##..####.######
.# **, #...#
#..### ##$# * *
, #.#.# ##...#
#..# #.#.# ###.#
##@# #.#.#
#.###.y###..# *
#.#.##
#.##.......#*
#.#.)#
#.##..###### , *
, ##.##)#
#.....# * ,*
.#.##.##
###....# ,
.#.##..#
##.....# , *
.#.###.#
#...#.#.# * ,
.#.# #.##
..###.#.# * *


You could see a hornet.


Message History

You regained 7 hp, and now have 84/86 hp. 😕 HP[+1] 😎 HP[+1]
Your hp is fully restored (86).
There is a stone staircase leading up here.
You climb upwards.
There is a stone staircase leading down here.
s - 3 scrolls labelled FYTAXU AVARGH (gained 1)
There is a stone staircase leading down here.
You climb downwards.
There is a stone staircase leading up here.
m - 4 scrolls of vulnerability {!r!r} (gained 1)
There is a stone staircase leading up here.
A hornet comes into view.
The hornet buzzes angrily.
You see here 4 stones.
Casting: Stone Arrow (safe; 1% risk of failure)
Confirm with . or Enter, or press ? or * to list all spells.
Aiming: Sandblast (safe; 1% risk of failure)
Press: ? - help, Shift-Dir - straight line, f - hornet
Aim: a hornet (77% to hit)
The blast of sand misses the hornet.
The hornet stings you.
You feel yourself slow down. The hornet stings you.
You feel as though you will be slow longer. 😕 HP[-11]
You take 11 damage, and now have 75/86 hp.
Casting: Sandblast (safe; 1% risk of failure)
Confirm with . or Enter, or press ? or * to list all spells.
Aiming: Stone Arrow (safe; 1% risk of failure)
Press: ? - help, Shift-Dir - straight line, f/p - hornet
Aim: a hornet (60% to hit)
The stone arrow misses the hornet.
The hornet stings you.
You are poisoned.
You feel as though you will be slow longer.
The hornet barely misses you. 😕 HP[-2] MP[-2]
You take 2 damage, and now have 73/86 hp.
You lost 2 mp, and now have 16/18 mp.
Casting: Stone Arrow (safe; 1% risk of failure)
Confirm with . or Enter, or press ? or * to list all spells.
Aiming: Stone Arrow (safe; 1% risk of failure)
Press: ? - help, Shift-Dir - straight line, f/p - hornet
Aim: a hornet (60% to hit)
The stone arrow misses the hornet.
You feel very sick. The hornet stings you!
You feel as though you will be slow longer.
The hornet stings you but does no damage.
The hornet closely misses you. 😮 HP[-18] MP[-2]
You take 18 damage, and now have 55/86 hp.
MASSIVE DAMAGE!! (PAUSE)
You lost 2 mp, and now have 14/18 mp.
Casting: Stone Arrow (safe; 1% risk of failure)
Confirm with . or Enter, or press ? or * to list all spells.
Aiming: Stone Arrow (safe; 1% risk of failure)
Press: ? - help, Shift-Dir - straight line, f/p - hornet
Aim: a hornet (60% to hit)
The stone arrow misses the hornet.
You feel sick. The hornet closely misses you. The hornet stings you!
* * * LOW HITPOINT WARNING * * *
You are more poisoned.
You feel as though you will be slow longer. 😨 HP[-15] MP[-2]
You take 15 damage, and now have 40/86 hp.
You lost 2 mp, and now have 12/18 mp.
You feel very sick. The hornet attacks as it pursues you!
The hornet stings you.
* * * LOW HITPOINT WARNING * * *
You suddenly lose the ability to move!
The hornet stings you but does no damage.
You feel sick.
The hornet stings you but does no damage.
You feel sick. The hornet stings you!
* * * LOW HITPOINT WARNING * * *
You are more poisoned.
You feel as though you will be slow longer.
The hornet stings you.
* * * LOW HITPOINT WARNING * * *
You feel as though you will be slow longer.
You can move again. 😱 HP[-24] MP[+2]
You take 24 damage, and now have 16/86 hp.
MASSIVE DAMAGE!! (PAUSE)
You regained 2 mp, and now have 14/18 mp.
You feel better. The hornet barely misses you. The hornet stings you!
* * * LOW HITPOINT WARNING * * *
You feel as though you will be slow longer. 😱 HP[-6] MP[+1]
You take 6 damage, and now have 10/86 hp.
Okay, then.
You feel much better. The hornet stings you!
* * * LOW HITPOINT WARNING * * *
You feel as though you will be slow longer.
The hornet stings you!
* * * LOW HITPOINT WARNING * * *
You suddenly lose the ability to move!
The hornet stings you!
You die...

Skill      XL: |  1  2  3  4  5  6  7  8  9 |
---------------+----------------------------+-----
Fighting       | 1 2 3 4 6 7 |  7.2
Spellcasting   | 3 5 |  5.0
Earth Magic    | 4 5 6 7 8 |  8.7
Conjurations   | 1 2 3 4 6 7 |  7.9
Transmutations | 2 4 |  4.6
Dodging        | 4 |  4.0
Stealth        | |  1.4

Action                     |  1- 3 |  4- 6 |  7- 9 | 10-12 || total
---------------------------+-------+-------+-------+-------++-------
  Melee: Short sword       |       |     1 |    54 |    11 ||    66
         Punch             |       |       |     1 |       ||     1
   Cast: Sandblast         |    27 |    21 |    64 |     5 ||   117
         Stone Arrow       |       |     5 |    41 |    12 ||    58
         Passwall          |       |     1 |       |       ||     1
    Use: Scroll            |       |     2 |     3 |       ||     5
         Potion            |       |     1 |       |     2 ||     3
 Armour: Robe              |    10 |    23 |    87 |    36 ||   156
  Dodge: Dodged            |     9 |    20 |    62 |    23 ||   114

Levels and vault maps discovered:
D:1:      tarquinn_simple_flora_water_b, layout_loops_corners,
          chequers_arboretum
D:2:      layout_basic
D:3:      kennysheep_goblin_castle, layout_rooms,
          nicolae_overflow_hidden_temple, uniq_crazy_yiuf_cottage
D:4:      layout_loops_ring, serial_shops, shop_fountains, uniq_blork_the_orc,
          uniq_ijyb
D:5:      layout_basic, guppyfry_early_lair_pool
D:6:      lemuel_ratsnest, layout_loops_ring, mainiacjoe_overflow_boulevard,
          chequers_temple_overflow_statue_of_worship, minmay_temple_entry_mist,
          nicolae_wooded_promenade, sigmund_army
D:7:      layout_rooms
D:8:      layout_rooms, ashenzari_altar_1, overflow_temple_1_default,
          enter_bailey_2

Notes
Turn   | Place    | Note
-------+----------+-------------------------------------------
     0 | D:1      | Skeral the Meteoran Earth Elementalist began the quest for
                  | the Orb.
     0 | D:1      | Reached XP level 1. HP: 14/14 MP: 5/5
     0 | D:1      | magus.rc [v1.10.3]
   131 | D:1      | Reached XP level 2. HP: 21/22 MP: 3/6
   134 | D:1      | Learned a level 2 spell: Passwall
   214 | D:1      | Reached skill level 1 in Fighting
   214 | D:1      | Reached skill level 3 in Spellcasting
   214 | D:1      | Reached skill level 4 in Earth Magic
   214 | D:1      | Reached XP level 3. HP: 17/28 MP: 3/8
   233 | D:1      | Learned a level 3 spell: Stone Arrow
   379 | D:3      | Reached skill level 1 in Conjurations
   379 | D:3      | Reached XP level 4. HP: 16/36 MP: 5/9
   513 | D:3      | Reached skill level 2 in Fighting
   577 | D:3      | Found a runed translucent door.
   578 | D:3      | Noticed Crazy Yiuf
   583 | D:3      | Killed Crazy Yiuf
   584 | D:3      | Reached skill level 2 in Conjurations
   584 | D:3      | Reached XP level 5. HP: 24/42 MP: 7/10
   675 | D:4      | You add the spells Cigotuvi's Dreadful Rot, Ignite Poison
                  | and Freezing Cloud to your library.
   688 | D:5      | Entered Level 5 of the Dungeon
   760 | D:6      | Found a glowing golden altar of the Shining One.
   760 | D:6      | Found a radiant altar of Vehumet.
   770 | D:6      | Became a worshipper of Vehumet
   780 | D:6      | Found Symeod's General Store.
   790 | D:6      | Found a staircase to the Ecumenical Temple.
   805 | D:6      | Found Dakoih's Antique Weapon Shoppe.
   809 | D:6      | Found Qoelitur's General Store.
   809 | D:6      | Found Pigeskug's Assorted Antiques.
   813 | D:6      | Bought a potion of heal wounds for 65 gold pieces
   813 | D:6      | Bought a scroll of teleportation for 39 gold pieces
   817 | D:6      | Bought a scroll of identify for 20 gold pieces
   855 | D:6      | Bought a scroll labelled FYTAXU AVARGH for 32 gold pieces
   878 | D:6      | Noticed a steam dragon
   882 | D:6      | HP: 4/42 [steam dragon (10)]
   885 | D:6      | Noticed a water moccasin
   887 | D:6      | Killed a steam dragon
   888 | D:6      | Reached skill level 3 in Fighting
   888 | D:6      | Reached skill level 3 in Conjurations
   888 | D:6      | Reached skill level 5 in Earth Magic
   888 | D:6      | Reached XP level 6. HP: 25/51 MP: 1/11
   899 | D:5      | HP: 12/51 [water moccasin (4)]
   900 | D:5      | Killed a water moccasin
   901 | D:5      | Reached XP level 7. HP: 14/58 MP: 10/12
   910 | D:5      | Reached skill level 4 in Fighting
   949 | D:5      | Reached skill level 4 in Conjurations
   953 | D:5      | You pick up a book of Spatial Translocations and begin
                  | reading...
   953 | D:5      | You add the spells Blink, Momentum Strike and Lesser
                  | Beckoning to your library.
  1000 | D:5      | Reached skill level 6 in Earth Magic
  1076 | D:5      | Reached XP level 8. HP: 39/67 MP: 3/13
  1115 | D:6      | Found an iron altar of Okawaru.
  1120 | D:6      | Reached skill level 5 in Fighting
  1120 | D:6      | Reached skill level 5 in Conjurations
  1211 | D:7      | Reached skill level 7 in Earth Magic
  1224 | D:7      | Learned a level 4 spell: Brom's Barrelling Boulder
  1332 | D:7      | Reached skill level 6 in Conjurations
  1335 | D:7      | Reached * piety under Vehumet
  1335 | D:7      | Offered knowledge of Freeze by Vehumet.
  1350 | D:7      | You pick up a book of Scorching and begin reading...
  1350 | D:7      | You add the spells Scorch, Flame Wave and Summon Cactus
                  | Giant to your library.
  1359 | D:7      | You pick up a book of Alchemy and begin reading...
  1359 | D:7      | You add the spells Sublimation of Blood and Irradiate to
                  | your library.
  1418 | D:8      | Found a flagged portal.
  1423 | D:8      | HP: 17/70 [centaur/arrow (5)]
  1564 | D:7      | Reached skill level 6 in Fighting
  1564 | D:7      | Reached skill level 2 in Transmutations
  1564 | D:7      | Gained mutation: You passively map the area around you.
                  | [Meteoran growth]
  1564 | D:7      | Reached XP level 9. HP: 75/75 MP: 10/14
  1622 | D:8      | Reached skill level 3 in Dodging
  1625 | D:8      | Found a broken altar of Ashenzari.
  1662 | D:8      | Reached skill level 4 in Spellcasting
  1683 | D:8      | Reached skill level 3 in Transmutations
  1683 | D:8      | Reached skill level 8 in Earth Magic
  1707 | Bailey   | Entered a bailey
  1824 | Bailey   | Reached ** piety under Vehumet
  1832 | Bailey   | Offered knowledge of Searing Ray by Vehumet.
  1838 | Bailey   | Learned a level 2 spell: Searing Ray
  1844 | Bailey   | Noticed an orc knight
  1855 | Bailey   | Reached skill level 7 in Conjurations
  1858 | Bailey   | Killed an orc knight
  1859 | Bailey   | Reached skill level 7 in Fighting
  1859 | Bailey   | Reached skill level 4 in Dodging
  1859 | Bailey   | Reached skill level 5 in Spellcasting
  1859 | Bailey   | Reached skill level 4 in Transmutations
  1859 | Bailey   | Reached XP level 10. HP: 36/86 MP: 11/18
  2207 | D:8      | Paralysed by a hornet for 3 turns
  2209 | D:8      | HP: 20/86 [hornet (8)]
  2211 | D:8      | HP: 5/86 [hornet (10)]
  2211 | D:8      | Paralysed by a hornet for 2 turns
  2212 | D:8      | Slain by a hornet

Vanquished Creatures
  An orc knight (Bailey)
  A steam dragon (D:6)
  A water moccasin (D:5)
  A sky beast (D:7)
  6 orc warriors (Bailey)
  3 black bears
  2 ogres
  2 centaurs (D:8)
  A kobold brigand (D:8)
  3 bullfrogs
  2 gnoll sergeants
  A scorpion (D:5)
  An orc priest (D:7)
  A sleepcap (D:5)
  Crazy Yiuf (D:3)
  2 iguanas (D:7)
  2 orc wizards (D:8)
  13 gnolls
  5 adders
  A shadow imp (D:6)
  A white imp (D:7)
  A dart slug (D:4)
  18 orcs
  2 ball pythons
  3 endoplasms (D:1)
  A giant cockroach (D:1)
  5 goblins
  6 hobgoblins
  14 kobolds
  A quokka (D:3)
  3 frilled lizards
  A rat (D:3)
106 creatures vanquished.

Table legend:
 A = Non-vault XP
 B = Vault XP
 C = Vault XP percentage of total XP
 D = Non-vault monster count
 E = Vault monster count
 F = Vault count percentage of total count
                 A         B        C        D         E       F
            +---------+---------+-------+---------+---------+-------
      Total |    2505 |    1552 |  38.3 |      82 |      24 |  22.6
            +---------+---------+-------+---------+---------+-------
        D:1 |      37 |       0 |   0.0 |      13 |       0 |   0.0
        D:2 |       4 |       0 |   0.0 |       3 |       0 |   0.0
        D:3 |      53 |      37 |  41.1 |       9 |       1 |  10.0
        D:4 |      33 |       0 |   0.0 |       4 |       0 |   0.0
        D:5 |     542 |      26 |   4.6 |      10 |       2 |  16.7
        D:6 |     407 |       2 |   0.5 |       4 |       1 |  20.0
        D:7 |     854 |       0 |   0.0 |      20 |       0 |   0.0
        D:8 |     575 |       0 |   0.0 |      19 |       0 |   0.0
     Bailey |       0 |    1487 | 100.0 |       0 |      20 | 100.0
            +---------+---------+-------+---------+---------+-------

Skill      XL: |  1  2  3  4  5  6  7  8  9 |
---------------+----------------------------+-----
Fighting       | 1 2 3 4 6 7 |  7.2
Spellcasting   | 3 5 |  5.0
Earth Magic    | 4 5 6 7 8 |  8.7
Conjurations   | 1 2 3 4 6 7 |  7.9
Transmutations | 2 4 |  4.6
Dodging        | 4 |  4.0
Stealth        | |  1.4

Action                     |  1- 3 |  4- 6 |  7- 9 | 10-12 || total
---------------------------+-------+-------+-------+-------++-------
  Melee: Short sword       |       |     1 |    54 |    11 ||    66
         Punch             |       |       |     1 |       ||     1
   Cast: Sandblast         |    27 |    21 |    64 |     5 ||   117
         Stone Arrow       |       |     5 |    41 |    12 ||    58
         Passwall          |       |     1 |       |       ||     1
    Use: Scroll            |       |     2 |     3 |       ||     5
         Potion            |       |     1 |       |     2 ||     3
 Armour: Robe              |    10 |    23 |    87 |    36 ||   156
  Dodge: Dodged            |     9 |    20 |    62 |    23 ||   114

Illustrated notes

Table legend:
 A = Kills in this place as a percentage of kills in the entire game.
 B = Kills by you in this place as a percentage of kills by you in the entire game.
 C = Kills by friends in this place as a percentage of kills by friends in the entire game.
 D = Other kills in this place as a percentage of other kills in the entire game.
 E = Experience gained in this place as a percentage of experience gained in the entire game.
 F = Experience gained in this place divided by the number of levels of this place that you have seen.
                   A       B       C       D       E      F
               +-------+-------+-------+-------+-------+----------------------
         Total | 100.0 | 100.0 |   N/A |   N/A | 100.0 | 450.8
       Dungeon |  81.1 |  81.1 |   N/A |   N/A |  63.3 | 321.2
        Bailey |  18.9 |  18.9 |   N/A |   N/A |  36.7 | 1487.0
               +-------+-------+-------+-------+-------+----------------------

Table legend: (Time is in decaauts)
 A = Elapsed time spent in this place.
 B = Non-inter-level travel time spent in this place.
 C = Inter-level travel time spent in this place.
 D = Time resting spent in this place.
 E = Time spent auto-exploring this place.
 F = Levels seen in this place.
 G = Mean time per level.
                   A        B        C        D        E       F      G
               +--------+--------+--------+--------+--------+-----+--------+
         Total |   2274 |   2210 |     64 |    185 |     18 |   9 |  252.7 |
       Dungeon |   1898 |   1834 |     64 |    100 |     18 |   8 |  237.2 |
        Bailey |    375 |    375 |      0 |     85 |      0 |   1 |  375.0 |
               +--------+--------+--------+--------+--------+-----+--------+

Top non-repeatable levels by time:
     D:7: 415 daAuts
  Bailey: 375 daAuts
     D:1: 324 daAuts
     D:5: 269 daAuts
     D:6: 266 daAuts
     D:8: 240 daAuts
     D:3: 205 daAuts
     D:2: 92 daAuts
     D:4: 85 daAuts
